 Dungeon Crawl Stone Soup version 0.22-a0-389-g8519d86 (webtiles) character file.

163 Dargar the Slasher (level 5, -2/40 HPs)
             Began as a Demonspawn Gladiator on Apr 30, 2018.
             Slain by Dargar's ghost (6 damage)
             ... on level 3 of the Dungeon.
             The game lasted 00:06:07 (2916 turns).

Dargar the Slasher (Demonspawn Gladiator)           Turns: 2916, Time: 00:06:08

Health: -2/40      AC:  5    Str: 14    XL:     5   Next: 20%
Magic:  5/5        EV: 13    Int: 10    God:
Gold:   99         SH:  4    Dex: 15    Spells: 4/4 levels left

rFire    . . .     SeeInvis .   a - +0 long sword
rCold    + . .     Gourm    .   (no shield)
rNeg     . . .     Faith    +   b - +0 leather armour
rPois    .         Spirit   .   c - +0 helmet
rElec    .         Reflect  .   (no cloak)
rCorr    .         Harm     .   g - +0 pair of gloves
MR       .....                  (no boots)
Stlth    +.........             i - amulet of faith
HPRegen  0.13/turn              (no ring)
MPRegen  0.09/turn              (no ring)

@: no status effects
A: large bone plates 1, cold resistance 1, demonic guardian 1
a: no special abilities


You were on level 3 of the Dungeon.
You were hungry.

You visited 1 branch of the dungeon, and saw 3 of its levels.

You collected 99 gold pieces.

Inventory:

Hand Weapons
 a - a +0 long sword (weapon)
Missiles
 d - 2 throwing nets (quivered)
Armour
 b - a +0 leather armour (worn)
 c - a +0 helmet (worn)
 g - a +0 pair of gloves (worn)
Jewellery
 i - an amulet of faith (around neck)
Wands
 k - a wand of iceblast (7)
 l - a wand of digging (3)
 m - a wand of flame (23)
Scrolls
 e - 5 scrolls of identify
Comestibles
 f - 7 rations
 j - 2 chunks of flesh


   Skills:
 + Level 2.9 Fighting
 + Level 4.3 Long Blades
 + Level 1.9 Throwing
 + Level 3.5 Dodging


You had 4 spell levels left.
You didn't know any spells.

Dungeon Overview and Level Annotations

Branches:
Dungeon (3/15)

Altars:
Yredelemnul

Annotations:
D:3 Dargar's ghost, amateur DsGl


Innate Abilities, Weirdness & Mutations

You are partially covered in large bone plates. (SH +4)
Your flesh is cold resistant. (rC+)
A weak demonic guardian rushes to your aid.


Message History

Dargar's ghost hits you.
Unknown command.
You hit Dargar's ghost but do no damage.
Dargar's ghost is almost destroyed.
Dargar's ghost hits you.
* * * LOW HITPOINT WARNING * * *
Dargar's ghost completely misses you.
Unknown command.
You closely miss Dargar's ghost.
Dargar's ghost is almost destroyed.
You block Dargar's ghost's attack. You block Dargar's ghost's attack.
You closely miss Dargar's ghost.
Dargar's ghost is almost destroyed.
Dargar's ghost barely misses you.
You riposte.
You barely miss Dargar's ghost.
Dargar's ghost is almost destroyed.
Dargar's ghost hits you.
* * * LOW HITPOINT WARNING * * *
Dargar's ghost hits you.
You die...

#..........# #.
#..........# #.
#..........# #.
#..........# #.
#..........# #.
#..........# #.
###.###.##.# #. #.#
#.##.# #. #####@#
#.##.########. #...W.#
#.##..........
#.....###.........####
#.<...##..............
#..........######.####
#....)##รท#.# #.#
#.....##.#.# #.#
#.....##<#.######.#
#..............##.#


You could see Dargar's ghost.

Vanquished Creatures
  2 gnolls (D:2)
  6 adders
  2 oozes
  2 worms (D:2)
  4 leopard geckos
  An orc (D:3)
  2 giant cockroaches
  4 goblins
  12 hobgoblins
  3 jackals (D:2)
  9 bats
  4 frilled lizards
  2 gnoll zombies (D:2)
  8 kobolds
  11 rats
72 creatures vanquished.

Vanquished Creatures (collateral kills)
  A gnoll (D:2)
1 creature vanquished.

Grand Total: 73 creatures vanquished

Notes
Turn   | Place    | Note
-------+----------+-------------------------------------------
     0 | D:1      | Dargar the Demonspawn Gladiator began the quest for the Orb.
     0 | D:1      | Reached XP level 1. HP: 16/16 MP: 1/1
   117 | D:1      | Gained mutation: A weak demonic guardian rushes to your aid. [demonic ancestry]
   117 | D:1      | Reached XP level 2. HP: 16/22 MP: 2/2
   274 | D:1      | Reached skill level 3 in Long Blades
   450 | D:1      | You fall through a shaft!
   464 | D:2      | Gained mutation: Your flesh is cold resistant. (rC+) [demonic ancestry]
   464 | D:2      | Reached XP level 3. HP: 17/27 MP: 3/3
  1203 | D:2      | Found a basalt altar of Yredelemnul.
  1526 | D:2      | Reached XP level 4. HP: 34/34 MP: 4/4
  2090 | D:2      | Reached skill level 4 in Long Blades
  2662 | D:3      | Gained mutation: You are partially covered in large bone plates. (SH +4) [demonic ancestry]
  2662 | D:3      | Reached XP level 5. HP: 35/40 MP: 5/5
  2795 | D:3      | Noticed Dargar's ghost (amateur DsGl)
  2916 | D:3      | Slain by Dargar's ghost

Vault maps used:
D:1:      minmay_arrival_diagonal_passages
D:2:      lemuel_zombie_altar_yredelemnul, minmay_pentomino_w2
D:3:      corexii_shack_village, chequers_ecumenical_altar_twisty,
          cheibrodos_sewer_entry_bend

Skill      XL: |  1  2  3  4 |
---------------+-------------+-----
Dodging        | 3 |  3.5
Long Blades    | 3 4 |  4.3
Fighting       | |  2.9
Throwing       | |  1.9

Action                   |  1- 3 |  4- 6 || total
-------------------------+-------+-------++-------
Melee: Long sword        |   113 |    99 ||   212
Throw: Throwing net      |       |     5 ||     5
  Use: Scroll            |     7 |       ||     7
       Potion            |       |     1 ||     1
 Stab: Sleeping          |     1 |     1 ||     2
  Eat: Chunk             |     1 |     5 ||     6
Armor: Leather armour    |    30 |    20 ||    50
Dodge: Dodged            |    96 |    73 ||   169
Block: Other             |       |    14 ||    14
       Rpst.: Long sword |    30 |    20 ||    50

Table legend:
 A = Spawn XP
 B = Non-spawn XP
 C = Spawn XP percentage of total XP
 D = Spawn monster count
 E = Non-spawn monster count
 F = Spawn count percentage of total count
 G = Total turns spent on level
                    A         B        C        D         E        F      G
               +---------+---------+-------+---------+---------+-------+---------
         Total |       0 |     234 |   0.0 |       0 |      73 |   0.0 |  2916
               +---------+---------+-------+---------+---------+-------+---------
           D:1 |       0 |      38 |   0.0 |       0 |      25 |   0.0 |   578
           D:2 |       0 |     143 |   0.0 |       0 |      34 |   0.0 |  1867
           D:3 |       0 |      53 |   0.0 |       0 |      14 |   0.0 |   471
               +---------+---------+-------+---------+---------+-------+---------
